 Dungeon Crawl Stone Soup version 0.18-a0-952-g309898a (webtiles) character file.

3 Gorice the Ducker (level 1, -1/9 HPs)
             Began as a Felid Wanderer on Dec 30, 2015.
             Hit by a stone thrown by a kobold (3 damage)
             ... on level 1 of the Dungeon.
             The game lasted 00:00:59 (56 turns).

Gorice the Ducker (Felid Wanderer)                    Turns: 56, Time: 00:00:59

Health: -1/9       AC:  1    Str:  8    XL:     1   Next: 41%
Magic:  3/3        EV: 16    Int: 12    God:
Gold:   0          SH:  0    Dex: 16    Spells: 0 memorised, 0 levels left
                                        Lives:  0   Deaths: 0

rFire  . . .     SeeInvis +       - Unarmed
rCold  . . .     Gourm    .     (armour unavailable)
rNeg   . . .     Faith    .     (shield unavailable)
rPois  .         Spirit   .     (helmet unavailable)
rElec  .         Dismiss  .     (cloak unavailable)
rCorr  .         Reflect  .     (gloves unavailable)
SustAt .         Harm     .     (boots unavailable)
MR     .....                    (no amulet)
Stlth  ++........               (no ring)
                                (no ring)

@: constricted, quick, not resistant to hostile enchantments, unstealthy
A: no armour, no weapons or thrown items, claws 1, fangs 3, see invisible,
carnivore 3, speed 1, shaggy fur 1, slow metabolism 1, sharp paws
a: no special abilities


You were on level 1 of the Dungeon.
You were full.

You visited 1 branch of the dungeon, and saw 1 of its levels.

Inventory:

Jewellery
 d - a cursed ring of teleportation {unknown}
Scrolls
 b - 2 scrolls of teleportation {!r}
Potions
 a - a potion of haste {!q}
Comestibles
 c - a meat ration {!e}


   Skills:
 + Level 2.0 Fighting
 - Level 4.0 Dodging
 + Level 1.5 Stealth
 * Level 2.2 Unarmed Combat
   Level 2.1 Evocations


You couldn't memorise any spells.
You didn't know any spells.

Dungeon Overview and Level Annotations

Branches:
Dungeon (1/15)

Altars:


Innate Abilities, Weirdness & Mutations

You cannot wear armour.
You are incapable of wielding weapons or throwing items.
You have sharp claws.
You have razor-sharp teeth.
You have supernaturally acute eyesight.
You are carnivorous and can eat meat at any time.
You cover ground quickly.
You are covered in fur (AC +1).
You have a slow metabolism.
Your sharp claws are effective at attacking unaware monsters.


Message History

Welcome, Gorice the Felid Wanderer.
The bosom of this dungeon contains the fabled artefact, the Orb of Zot.
Press ? for a list of commands and other information.
Found a staircase leading out of the dungeon.
There is a fountain of clear blue water here.
You open the large door.
There is a large open door here.
There is a large open door here.
d - a knobbly glass ring A giant gecko and a rat come into view.
You pounce on the unaware helpless rat!
You scratch the rat.
You kill the rat!
You pounce on the unaware helpless giant gecko!
You claw the giant gecko!
You kill the giant gecko!
A rat comes into view.
The helpless rat fails to defend itself.
You claw the rat!
You kill the rat!
A giant cockroach comes into view.
You pounce on the unaware helpless giant cockroach!
You claw the giant cockroach!
You kill the giant cockroach!
You see here a giant cockroach corpse.
You butcher the giant cockroach corpse.
f - 2 chunks of flesh Eating one of 2 chunks of flesh.
This raw flesh tastes great.
You continue eating. x2
Eating a chunk of flesh.
This raw flesh tastes great.
You continue eating. x2
A kobold comes into view.
Found a hand axe.
Found a stone staircase leading down.
The kobold shouts!
The kobold hits you.
A ball python comes into view.
Damage: 3 (max 3)
You scratch the kobold but do no damage.
The kobold misses you.
You completely miss the kobold. The kobold barely misses you.
You scratch the kobold. Your bite misses the kobold.
The kobold is heavily wounded.
The kobold closely misses you.
You closely miss the kobold.
The kobold is heavily wounded.
The kobold hits you.
Damage: 3 (max 3)
The ball python completely misses you. The ball python grabs you.
* * * LOW HITPOINT WARNING * * *
The ball python constricts you.
The kobold throws a stone.
The stone hits you.
You die...

............
####.####### ......
####.....## .....#
....####..## .....
..#........#### #.)>
..######......###..#
..# ####....##..#
..# ###....#SK#####.
....
........@........
...#
#######....######
##...# ##..# . #...
#.... ...... .......


You could see a ball python and a kobold.

Vanquished Creatures
  A giant cockroach (D:1)
  A giant gecko (D:1)
  2 rats (D:1)
4 creatures vanquished.

Notes
Turn   | Place    | Note
--------------------------------------------------------------
     0 | D:1      | Gorice the Felid Wanderer began the quest for the Orb.
     0 | D:1      | Gorice set off with: a potion of haste {!q}, 2 scrolls of teleportation {!r}, a meat ration {!e}
     0 | D:1      | Reached XP level 1. HP: 9/9 MP: 3/3
    56 | D:1      | HP: 2/9 [ball python (1)]
    56 | D:1      | Hit by a stone thrown by a kobold

Vault maps used:
D:1:      grunt_arrival_crossed_arrows, minmay_newt_pond

Action                   || total
-------------------------++-------
Melee: Unarmed           ||     8
 Stab: Sleeping          ||     4
  Eat: Chunk             ||     2

Table legend:
 A = Turns spent in this place as a percentage of turns spent in the entire game.
 B = Non-inter-level travel turns spent in this place as a percentage of non-inter-level travel turns spent in the entire game.
 C = Inter-level travel turns spent in this place as a percentage of turns spent in this place.
 D = Turns resting spent in this place as a percentage of non-inter-level travel turns spent in this place.
 E = Turns spent auto-exploring this place as a percentage of non-inter-level travel turns spent in this place.
 F = Non-inter-level travel turns spent in this place divided by the number of levels of this place that you've seen.
                   A       B       C       D       E      F
               +-------+-------+-------+-------+-------+----------------------
         Total | 100.0 | 100.0 |   0.0 |   0.0 |  16.1 |  31.0
       Dungeon | 100.0 | 100.0 |   0.0 |   0.0 |  16.1 |  31.0
               +-------+-------+-------+-------+-------+----------------------

Vault maps used:
D:1:      grunt_arrival_crossed_arrows, minmay_newt_pond
